 Dungeon Crawl Stone Soup version 0.31.0-11-ge490571c62 (webtiles) character file.

Game seed: 16800796148315474487

237 qw the Ducker (level 5, 0/28 HPs)
             Began as a Spriggan Hunter on Feb 3, 2024.
             Succumbed to a scorpion's poison
             ... on level 4 of the Dungeon.
             The game lasted 00:00:56 (2243 turns).

qw the Ducker (Spriggan Hunter)                     Turns: 2243, Time: 00:00:56

Health: 0/28       AC:  2    Str:  7    XL:     5   Next: 77%
Magic:  5/6        EV: 20    Int: 11    God:
Gold:   88         SH:  0    Dex: 20    Spells: 4/4 levels left

rFire   . . .        a - +0 shortbow
rCold   . . .        (shield currently unavailable)
rNeg    . . .        c - +0 robe
rPois   .            (helmet restricted)
rElec   .            (no cloak)
rCorr   .            (gloves unavailable)
SInv    +            (boots unavailable)
Will    +....        i - amulet of guardian spirit
Stlth   ++           m - ring of willpower
HPRegen 0.24/turn    (no ring)
MPRegen 0.10/turn

%: clarity, guardian spirit
@: lethally poisoned (0 -> -5), hasted (expiring), very quick
A: very small, no large weapons, unfitting armour, see invisible, speed 3,
clarity, wild magic 1
a: no special abilities


You were on level 4 of the Dungeon.
You visited 1 branch of the dungeon, and saw 4 of its levels.

You collected 128 gold pieces.
You spent 40 gold pieces at shops.


Innate Abilities, Weirdness & Mutations

You are very small and have problems with some larger weapons.
You are too small for most types of armour.
You have supernaturally acute eyesight. (SInv)
You cover ground extremely quickly. (Speed+++)
You possess an exceptional clarity of mind.
Your spells are a little harder to cast, but a little more powerful.


   Skills:
 - Level 3.0 Fighting
 + Level 5.2 Ranged Weapons
 - Level 5.3 Dodging
 - Level 1.5 Stealth


You had 4 spell levels left.
You didn't know any spells.
Your spell library was empty.

Inventory:

Hand Weapons
 a - a +0 shortbow (weapon)
Armour
 c - a +0 robe (worn)
Jewellery
 i - an amulet of guardian spirit (around neck)
 m - a ring of willpower (left hand)
Wands
 h - a wand of flame (14)
 j - a wand of digging (5)
Potions
 b - a potion of haste
 d - a potion of curing {unknown}
 f - a potion of mutation
 k - a potion of attraction {unknown}
 l - a potion of magic {unknown}

Dungeon Overview and Level Annotations

Branches:
Dungeon (4/15)
 Temple: D:4-7

Altars:
Ashenzari
Dithmenos
Hepliaklqana
Xom

Shops:
D:1 *===*


Message History

You shoot an arrow.
The arrow hits the scorpion but does no damage.
The scorpion stings you.
You are lethally poisoned!
The scorpion poisons you! The giant cockroach misses you.
You shoot an arrow.
The arrow hits the scorpion but does no damage.
Your extra speed is starting to run out.
You feel very sick. The scorpion misses you.
The giant cockroach completely misses you.
You shoot an arrow.
The arrow hits the scorpion but does no damage.
You feel very sick. The scorpion completely misses you.
The giant cockroach completely misses you.
2239 ||| READING scroll of teleportation.
As you read the scroll of teleportation, it crumbles to dust.
You feel strangely unstable.
You feel sick. The giant cockroach barely misses you.
The scorpion completely misses you.
You shoot an arrow. The arrow hits the scorpion.
The scorpion is moderately wounded.
You feel sick. The scorpion barely misses you.
The giant cockroach barely misses you.
You shoot an arrow.
The arrow hits the scorpion but does no damage.
The scorpion is moderately wounded.
You feel sick. The scorpion closely misses you.
The giant cockroach completely misses you.
You shoot an arrow. The arrow hits the scorpion.
The scorpion is moderately wounded.
You feel sick. The scorpion completely misses you.
The giant cockroach misses you.
You shoot an arrow. The arrow hits the scorpion.
The scorpion is heavily wounded.
Your surroundings suddenly seem different.
A hound comes into view.
Found a ring mail.
You die...

##### ..[.#
....# ....#
########....#
.......@....#
.#######....#
....# ...h#
#####


You could see a hound (asleep).

Vanquished Creatures
  A black bear (D:3)
  An orc wizard (D:3)
  5 adders
  A ribbon worm (D:3)
  2 dart slugs
  4 orcs (D:3)
  6 ball pythons
  10 endoplasms
  2 giant cockroaches (D:2)
  7 goblins
  8 hobgoblins
  6 jackals (D:1)
  7 kobolds
  4 bats
  2 rats (D:1)
66 creatures vanquished.

Notes
Turn   | Place    | Note
-------+----------+-------------------------------------------
     0 | D:1      | qw the Spriggan Hunter began the quest for the Orb.
     0 | D:1      | Reached XP level 1. HP: 10/10 MP: 2/2
     0 | D:1      | 0 ||| qw: Version: 0.3-a-155-g5e7d8dd
     0 | D:1      | 0 ||| qw: Game counter: 3156
     0 | D:1      | 0 ||| qw: Melee chars always use a shield: true
     0 | D:1      | 0 ||| qw: God list: Okawaru
     0 | D:1      | 0 ||| qw: Allow faded altars: false
     0 | D:1      | 0 ||| qw: Do Orc after clearing Dungeon:15 true
     0 | D:1      | 0 ||| qw: Do second Lair branch before Depths: true
     0 | D:1      | 0 ||| qw: Lair rune preference: random
     0 | D:1      | 0 ||| qw: Goals: Normal
     0 | D:1      | 0 ||| PLANNING D:1-11
    14 | D:1      | Reached skill level 3 in Dodging
    17 | D:1      | Found Yfrynit's Jewellery Emporium.
    43 | D:1      | 43 ||| SHOPLISTING amulet of regeneration (360 gold, have
                  | 0).
    43 | D:1      | 43 ||| SHOPLISTING ring of fire (300 gold, have 0).
    43 | D:1      | 43 ||| SHOPLISTING ring of resist corrosion (240 gold, have
                  | 0).
    43 | D:1      | 43 ||| SHOPLISTING ring of willpower (300 gold, have 0).
    64 | D:1      | Reached XP level 2. HP: 14/14 MP: 3/3
    74 | D:1      | 74 ||| RETREEEEATING.
    76 | D:1      | 76 ||| RETREEEEATING.
    77 | D:1      | 77 ||| RETREEEEATING.
   114 | D:1      | Found Isoplei's Jewellery Boutique.
   121 | D:1      | 121 ||| SHOPLISTING +5 ring of evasion (360 gold, have 0).
   121 | D:1      | 121 ||| SHOPLISTING +6 ring of dexterity (360 gold, have
                  | 0).
   121 | D:1      | 121 ||| SHOPLISTING +6 ring of strength (360 gold, have 0).
   121 | D:1      | 121 ||| SHOPLISTING amulet of faith (400 gold, have 0).
   121 | D:1      | 121 ||| SHOPLISTING ring of Law {+Blink Str+6 Dex+3} (563
                  | gold, have 0).
   121 | D:1      | 121 ||| SHOPLISTING ring of protection from fire (250 gold,
                  | have 0).
   146 | D:1      | Found Padiac's General Store.
   155 | D:1      | 155 ||| SHOPLISTING potion of curing (42 gold, have 26).
   155 | D:1      | 155 ||| SHOPLISTING scroll of identify (28 gold, have 26).
   240 | D:1      | You fall into a shaft and drop 1 floor!
   372 | D:2      | Reached XP level 3. HP: 18/18 MP: 4/4
   889 | D:2      | 889 ||| UPGRADING to ring of willpower.
   890 | D:2      | 890 ||| READING scroll labelled OTUCHI ENYT.
   891 | D:2      | 891 ||| READING 2 scrolls labelled RERHEA QUITRIV.
   894 | D:2      | 894 ||| READING scroll labelled PIHYGU QIMN.
   895 | D:2      | 895 ||| READING scroll labelled ZAL APSOW TOEX QAU.
   895 | D:2      | 895 ||| IDENTIFYING grey potion
   896 | D:2      | 896 ||| DRINKING 2 green potions.
   897 | D:2      | 897 ||| DROPPING scroll of butterflies.
   898 | D:2      | 898 ||| DROPPING potion of brilliance.
   917 | D:2      | 917 ||| FLEEEEING.
   919 | D:2      | 919 ||| FLEEEEING.
   939 | D:1      | Found Midwaigh's Assorted Antiques.
   952 | D:1      | 952 ||| BUYING bubbling sapphire potion (20 gold).
   952 | D:1      | Bought a bubbling sapphire potion for 20 gold pieces
   952 | D:1      | 952 ||| BUYING fizzy dark potion (20 gold).
   952 | D:1      | Bought a fizzy dark potion for 20 gold pieces
   952 | D:1      | 952 ||| SHOPLISTING granite ring (115 gold, have 27).
  1150 | D:1      | Found Cobaferi's Jewellery Boutique.
  1159 | D:1      | 1159 ||| SHOPLISTING +4 ring of slaying (780 gold, have
                  | 63).
  1159 | D:1      | 1159 ||| SHOPLISTING +6 ring of dexterity (360 gold, have
                  | 63).
  1159 | D:1      | 1159 ||| SHOPLISTING amulet of regeneration (300 gold, have
                  | 63).
  1159 | D:1      | 1159 ||| SHOPLISTING ring of positive energy (200 gold,
                  | have 63).
  1159 | D:1      | 1159 ||| SHOPLISTING ring of protection from fire (250
                  | gold, have 63).
  1159 | D:1      | 1159 ||| SHOPLISTING ring of willpower (250 gold, have 63).
  1185 | D:1      | 1185 ||| UPGRADING to amulet of guardian spirit.
  1222 | D:2      | Reached XP level 4. HP: 20/22 MP: 3/5
  1498 | D:2      | 1498 ||| READING scroll labelled CEGUGUSCHOO.
  1583 | D:3      | Found a shadowy altar of Dithmenos.
  1583 | D:3      | Found a shimmering altar of Xom.
  1627 | D:3      | Found a hazy altar of Hepliaklqana.
  1627 | D:3      | Found a broken altar of Ashenzari.
  1818 | D:3      | 1818 ||| FLEEEEING.
  1820 | D:3      | 1820 ||| FLEEEEING.
  1906 | D:3      | HP: 4/22 [adder (2)]
  1907 | D:3      | 1907 ||| READING 2 scrolls of teleportation.
  1908 | D:3      | 1908 ||| DRINKING potion of heal wounds.
  1964 | D:3      | Reached XP level 5. HP: 26/26 MP: 6/6
  1965 | D:3      | Noticed a black bear
  1966 | D:3      | 1966 ||| ZAPPING wand of flame (21) at -3,5 (black bear;
                  | floor).
  1967 | D:3      | 1967 ||| ZAPPING wand of flame (20) at -3,4 (black bear;
                  | floor).
  1968 | D:3      | 1968 ||| ZAPPING wand of flame (19) at -2,3 (black bear;
                  | floor).
  1969 | D:3      | 1969 ||| ZAPPING wand of flame (18) at -2,2 (black bear;
                  | floor).
  1970 | D:3      | 1970 ||| ZAPPING wand of flame (17) at -1,1 (black bear;
                  | floor).
  1971 | D:3      | 1971 ||| ZAPPING wand of flame (16) at -1,1 (black bear;
                  | floor).
  1972 | D:3      | 1972 ||| ZAPPING wand of flame (15) at -1,1 (black bear;
                  | floor).
  1972 | D:3      | Killed a black bear
  1973 | D:3      | Reached skill level 3 in Fighting
  2196 | D:3      | 2196 ||| READING scroll labelled URESEK FESE.
  2197 | D:3      | 2197 ||| DRINKING 2 bubbling sapphire potions.
  2198 | D:3      | 2198 ||| DRINKING 2 golden potions.
  2198 | D:3      | Gained mutation: You possess an exceptional clarity of
                  | mind. [potion of mutation]
  2198 | D:3      | Gained mutation: Your spells are a little harder to cast,
                  | but a little more powerful. [potion of mutation]
  2225 | D:4      | 2225 ||| STAIRDANCE
  2238 | D:4      | HP: 5/28 [poisoned by a scorpion]
  2239 | D:4      | 2239 ||| READING scroll of teleportation.
  2240 | D:4      | HP: 2/28 [poisoned by a scorpion]
  2243 | D:4      | Succumbed to a scorpion's poison

Levels and vault maps discovered:
D:1:      reono_arrival_mine, layout_rooms, serial_shops,
          nicolae_shop_waterfront, nicolae_shop_crystal, shop, shop,
          nicolae_shop_window_shopping, hangedman_decor_slide_cut
D:2:      layout_basic, dreamdust_princess_corridor, minmay_tiny_reverse_x
D:3:      layout_loops_cross, grunt_temple_overflow_open
D:4:      layout_rooms, nicolae_sif_muna_condensation,
          yredelemnul_forgotten_temple_becter, minmay_misc_feat_four_crosses,
          uniq_pikel, uniq_sigmund

Skill      XL: |  1  2  3  4  5 |
---------------+----------------+-----
Dodging        | 3 4 5 |  5.3
Ranged Weapons | 5 |  5.2
Fighting       | 3 |  3.0
Stealth        | |  1.5

Action                     |  1- 3 |  4- 6 || total
---------------------------+-------+-------++-------
   Fire: Shortbow          |   120 |   100 ||   220
  Evoke: Wand              |       |     7 ||     7
    Use: Scroll            |     4 |     4 ||     8
         Potion            |     1 |     3 ||     4
 Armour: Robe              |    10 |    25 ||    35
  Dodge: Dodged            |    49 |    96 ||   145

Table legend:
 A = Non-vault XP
 B = Vault XP
 C = Vault XP percentage of total XP
 D = Non-vault monster count
 E = Vault monster count
 F = Vault count percentage of total count
                 A         B        C        D         E       F
            +---------+---------+-------+---------+---------+-------
      Total |     335 |       4 |   1.2 |      64 |       2 |   3.0
            +---------+---------+-------+---------+---------+-------
        D:1 |      38 |       0 |   0.0 |      22 |       0 |   0.0
        D:2 |      59 |       4 |   6.3 |      19 |       2 |   9.5
        D:3 |     234 |       0 |   0.0 |      22 |       0 |   0.0
        D:4 |       4 |       0 |   0.0 |       1 |       0 |   0.0
            +---------+---------+-------+---------+---------+-------
